VANCOUVER Canucks vs DALLAS Stars

Created - 29 février 2024 at 16:11

Goals
1 2 3 T
VANCOUVER Canucks 1 2 1 4
DALLAS Stars 0 2 1 3
Shots
1 2 3 T
VANCOUVER Canucks 17 11 13 41
DALLAS Stars 7 9 11 27

1st period

1. VANCOUVER Canucks , Philip Tomasino 8 (Mason Appleton 6, Victor Mete 5) at 3:39

Penalties :
Juuso Valimaki (DAL) for Interference (Minor) at 5:53, Josh Norris (VAN) for Tripping (Minor) at 5:53, Jakob Silfverberg (VAN) for Interference (Minor) at 9:23, Conor Timmins (DAL) for Slashing (Minor) at 16:16

2nd period

2. VANCOUVER Canucks , Shane Pinto 8 (Mason Appleton 7, Philip Tomasino 10) at 1:12
3. DALLAS Stars , Viktor Arvidsson 14 (Marc-Edouard Vlasic 15, Peyton Krebs 22) at 7:49
4. VANCOUVER Canucks , Josh Norris 6 (Matt Boldy 15, Christopher Tanev 22) at 11:16
5. DALLAS Stars , Viktor Arvidsson 15 (Peyton Krebs 23, Ryan Suter 12) at 14:33

Penalties :
Peyton Krebs (DAL) for Roughing (Minor) at 1:29

3rd period

6. DALLAS Stars , Cal Clutterbuck 3 (Paul Cotter 5) at 10:00
7. VANCOUVER Canucks , Shane Pinto 9 (Philip Tomasino 11, Mason Appleton 8) at 12:03

Penalties :
Nils Lundkvist (VAN) for Tripping (Minor) at 7:31, Cal Clutterbuck (DAL) for Unsportsmanlike conduct (Minor) at 14:14

Goalie Stats

Jake Oettinger (VAN), 24 saves from 27 shots - (0,889), W, 18-14-2, 60:00 minutes
Matthew Villalta (DAL), 37 saves from 41 shots - (0,902), L, 2-11-0, 60:00 minutes

Players Stats for VANCOUVER Canucks

Player Name              G  A  P  +/- PIM S  H  SB GA TA FO     MP     PP MP  PK MP  
------------------------------------------------------------------------------------
Bryan Little             0  0  0   0  0   1  0  0  0  0  1/1     9:28   0:00   2:00 
Christopher Tanev        0  1  1  -1  0   5  2  1  0  0  0/0    21:03   2:34   1:33 
Jake McCabe              0  0  0   0  0   2  1  1  0  0  0/0    25:43   3:23   2:25 
Jakob Silfverberg        0  0  0  -1  2   2  1  0  0  0  2/4    23:40   3:21   1:21 
Josh Norris              1  0  1  -1  2   3  3  0  0  0  16/25  20:11   3:21   0:16 
Juuso Parssinen          0  0  0   0  0   3  0  0  0  0  7/12    9:09   0:00   0:00 
Mark Kastelic            0  0  0   0  0   0  0  0  0  0  7/10    5:55   0:00   0:00 
Mason Appleton           0  3  3   2  0   3  2  0  0  0  0/1    18:04   2:36   0:00 
Matt Boldy               0  1  1  -1  0   7  1  0  0  0  1/3    21:59   3:21   0:30 
Mikhail Sergachev        0  0  0  -1  0   2  4  2  0  0  0/0    26:31   3:23   2:25 
Nils Lundkvist           0  0  0   2  2   0  1  4  0  0  0/0    13:13   0:00   0:00 
Philip Tomasino          1  2  3   2  0   4  0  0  0  0  0/1    18:04   2:36   0:00 
Radim Simek              0  0  0   0  0   1  2  1  0  0  0/0    20:15   2:34   1:33 
Shane Pinto              2  0  2   2  0   5  0  0  0  0  13/20  18:04   2:36   0:00 
Stefan Noesen            0  0  0   0  0   1  0  0  0  0  0/1     7:03   0:00   1:08 
Teddy Blueger            0  0  0   0  0   1  1  0  0  0  0/0     9:50   0:00   0:41 
Tyler Pitlick            0  0  0   0  0   1  1  0  0  0  2/8    12:34   0:00   2:00 
Victor Mete              0  1  1   2  0   0  1  2  0  0  0/0    13:14   0:00   0:00 

Players Stats for DALLAS Stars

Player Name              G  A  P  +/- PIM S  H  SB GA TA FO     MP     PP MP  PK MP  
------------------------------------------------------------------------------------
Alexander Radulov        0  0  0   0  0   2  1  0  0  0  1/1    11:49   1:29   0:28 
Aliaksei Protas          0  0  0   0  0   1  1  1  0  0  2/3    16:01   2:16   3:46 
Andreas Johnsson         0  0  0   1  0   3  0  1  0  0  1/1     7:56   0:00   0:00 
Brendan Gallagher        0  0  0  -4  0   2  1  0  0  0  0/0    16:07   0:00   1:55 
Cal Clutterbuck          1  0  1   1  2   1  2  0  0  0  1/1     7:55   0:00   0:00 
Conor Timmins            0  0  0  -1  2   0  6  1  0  0  0/0    24:08   2:23   1:39 
Emil Bemstrom            0  0  0  -4  0   1  0  1  0  0  3/4    16:54   1:42   0:16 
Jesperi Kotkaniemi       0  0  0  -4  0   4  2  1  0  0  9/24   16:58   2:02   0:00 
Juuso Valimaki           0  0  0   0  2   1  4  0  0  0  0/0    22:22   1:35   3:02 
Marc-Edouard Vlasic      0  1  1  -1  0   0  7  3  0  0  0/0    23:39   0:00   2:55 
Nicklas Backstrom        0  0  0   0  0   1  1  0  0  0  2/8    10:06   0:14   0:00 
Patrik Nemeth            0  0  0   0  0   0  0  0  0  0  0/0    12:17   0:00   1:23 
Paul Cotter              0  1  1   1  0   2  0  0  0  0  5/13   11:30   0:00   3:34 
Peyton Krebs             0  2  2   2  2   1  1  0  0  0  13/27  19:02   1:42   0:00 
Ryan Suter               0  1  1   0  0   2  0  1  0  0  0/0    20:02   1:35   0:00 
Sean Walker              0  0  0   0  0   1  1  1  0  0  0/0    16:01   0:54   2:55 
Sonny Milano             0  0  0   2  0   1  0  0  0  0  0/2    20:17   1:42   1:55 
Viktor Arvidsson         2  0  2   2  0   4  0  0  0  0  0/2    18:56   2:16   0:00 

3 Stars

1 - Philip Tomasino (VAN)
2 - Shane Pinto (VAN)
3 - Viktor Arvidsson (DAL)

Power Play

VANCOUVER Canucks - 0 on 3 Attempt(s) - 0,00%
DALLAS Stars - 0 on 2 Attempt(s) - 0,00%

Penalty Kill

VANCOUVER Canucks - 2 on 2 Attempt(s) - 100,00% - Score 0 goal in Penalty Kill
DALLAS Stars - 3 on 3 Attempt(s) - 100,00% - Score 0 goal in Penalty Kill

Team Stat

VANCOUVER Canucks - Hits : 20 - Faceoff Wins : 49 - Blocked Shots : 11 - Penalty Minutes : 6
DALLAS Stars - Hits : 27 - Faceoff Wins : 37 - Blocked Shots : 10 - Penalty Minutes : 8

Official

Referees : Reid Anderson and Chris Lee
Linesman : Greg Devorski and Trent Knorr

Game Notes

No Game Note

Finance

Level 1 -- Attendance: 3974 (61,14%) -- Ticket Income $476,880
Level 2 -- Attendance: 3552 (59,20%) -- Ticket Income $241,536
Level 3 -- Attendance: 2192 (54,80%) -- Ticket Income $74,528
Level 4 -- Attendance: 2408 (53,51%) -- Ticket Income $72,240
Luxury Box -- Attendance: 789 (78,90%) -- Ticket Income $173,580
Game was played at the American Airlines Center.
Total Attendance: 12915 (58,70%)
Total Ticket Income: $1,038,764
Other Income: $259,691
Total Income: $1,298,455

VANCOUVER Canucks

5 vs 5 Forward 
   Center                   Left Wing                Right Wing               Time % Phy DF OF 
 1 Josh Norris              Matt Boldy               Jakob Silfverberg        40     1   2  2  
 2 Shane Pinto              Philip Tomasino          Mason Appleton           30     1   2  2  
 3 Juuso Parssinen          Teddy Blueger            Tyler Pitlick            20     1   2  2  
 4 Mark Kastelic            Stefan Noesen            Bryan Little             10     1   2  2  

5 vs 5 Defense 
   Defense                  Defense                                           Time % Phy DF OF 
 1 Mikhail Sergachev        Jake McCabe                                       40     1   2  2  
 2 Christopher Tanev        Radim Simek                                       30     1   2  2  
 3 Nils Lundkvist           Victor Mete                                       20     1   2  2  
 4 Mikhail Sergachev        Christopher Tanev                                 10     1   2  2  

PowerPlay Forward 
   Center                   Left Wing                Right Wing               Time % Phy DF OF 
 1 Josh Norris              Matt Boldy               Jakob Silfverberg        60     1   2  2  
 2 Shane Pinto              Philip Tomasino          Mason Appleton           40     1   2  2  

PowerPlay Defense
   Defense                  Defense                                           Time % Phy DF OF 
 1 Mikhail Sergachev        Jake McCabe                                       60     1   2  2  
 2 Christopher Tanev        Radim Simek                                       40     1   2  2  

Penalty Kill 4 Players Forward 
   Center                   Wing                     Time % Phy DF OF 
 1 Tyler Pitlick            Jakob Silfverberg        60     1   2  2  
 2 Bryan Little             Matt Boldy               40     1   2  2  

Penalty Kill 4 Players Defense
   Defense                  Defense                  Time % Phy DF OF 
 1 Mikhail Sergachev        Jake McCabe              60     1   2  2  
 2 Christopher Tanev        Radim Simek              40     1   2  2  

Penalty Kill - 3 Players Forward 
   Forward                                           Time % Phy DF OF 
 1 Jakob Silfverberg                                 60     1   2  2  
 2 Bryan Little                                      40     1   2  2  

Penalty Kill - 3 Players Defense
   Defense                  Defense                  Time % Phy DF OF 
 1 Mikhail Sergachev        Nils Lundkvist           60     1   2  2  
 2 Christopher Tanev        Radim Simek              40     1   2  2  

4 vs 4 Forward 
   Center                   Wing                     Time % Phy DF OF 
 1 Tyler Pitlick            Jakob Silfverberg        60     1   2  2  
 2 Bryan Little             Matt Boldy               40     1   2  2  

4 vs 4 Defense
   Defense                  Defense                  Time % Phy DF OF 
 1 Jake McCabe              Mikhail Sergachev        60     1   2  2  
 2 Christopher Tanev        Radim Simek              40     1   2  2  

Last Minutes Offensive
   Center                   Left Wing                Right Wing               Defense                  Defense                  
   Matt Boldy               Jakob Silfverberg        Bryan Little             Mikhail Sergachev        Jake McCabe              

Last Minutes Defensive
   Center                   Left Wing                Right Wing               Defense                  Defense                  
   Matt Boldy               Jakob Silfverberg        Bryan Little             Mikhail Sergachev        Jake McCabe              

Goaltenders
Starting : Jake Oettinger           
Backup : Joonas Korpisalo         

Extra Forwards
Normal : Bryan Little, Tyler Pitlick, Jakob Silfverberg - PP : Bryan Little, Tyler Pitlick - PK : Bryan Little
Extra Defensemen
Normal : Christopher Tanev, Radim Simek, Victor Mete - PP : Christopher Tanev - PK : Christopher Tanev, Radim Simek
Penalty Shots
Tyler Pitlick, Jakob Silfverberg, Bryan Little, Teddy Blueger, Shane Pinto

Scratches
Martin Jones (Healthy)

DALLAS Stars

5 vs 5 Forward 
   Center                   Left Wing                Right Wing               Time % Phy DF OF 
 1 Peyton Krebs             Viktor Arvidsson         Sonny Milano             35     1   2  2  
 2 Jesperi Kotkaniemi       Emil Bemstrom            Brendan Gallagher        30     1   2  2  
 3 Nicklas Backstrom        Alexander Radulov        Aliaksei Protas          20     1   2  2  
 4 Paul Cotter              Andreas Johnsson         Cal Clutterbuck          15     1   2  2  

5 vs 5 Defense 
   Defense                  Defense                                           Time % Phy DF OF 
 1 Juuso Valimaki           Ryan Suter                                        40     1   1  3  
 2 Marc-Edouard Vlasic      Conor Timmins                                     30     1   2  2  
 3 Sean Walker              Patrik Nemeth                                     20     2   2  1  
 4 Conor Timmins            Marc-Edouard Vlasic                               10     1   2  2  

PowerPlay Forward 
   Center                   Left Wing                Right Wing               Time % Phy DF OF 
 1 Jesperi Kotkaniemi       Viktor Arvidsson         Aliaksei Protas          60     1   2  2  
 2 Peyton Krebs             Sonny Milano             Emil Bemstrom            40     1   2  2  

PowerPlay Defense
   Defense                  Defense                                           Time % Phy DF OF 
 1 Juuso Valimaki           Ryan Suter                                        60     1   2  2  
 2 Alexander Radulov        Conor Timmins                                     40     1   1  3  

Penalty Kill 4 Players Forward 
   Center                   Wing                     Time % Phy DF OF 
 1 Paul Cotter              Aliaksei Protas          60     1   2  2  
 2 Sonny Milano             Brendan Gallagher        40     1   2  2  

Penalty Kill 4 Players Defense
   Defense                  Defense                  Time % Phy DF OF 
 1 Marc-Edouard Vlasic      Sean Walker              60     1   2  2  
 2 Conor Timmins            Juuso Valimaki           40     1   2  2  

Penalty Kill - 3 Players Forward 
   Forward                                           Time % Phy DF OF 
 1 Paul Cotter                                       60     1   2  2  
 2 Cal Clutterbuck                                   40     1   2  2  

Penalty Kill - 3 Players Defense
   Defense                  Defense                  Time % Phy DF OF 
 1 Marc-Edouard Vlasic      Ryan Suter               60     1   2  2  
 2 Sean Walker              Juuso Valimaki           40     1   2  2  

4 vs 4 Forward 
   Center                   Wing                     Time % Phy DF OF 
 1 Jesperi Kotkaniemi       Emil Bemstrom            60     1   2  2  
 2 Peyton Krebs             Brendan Gallagher        40     1   2  2  

4 vs 4 Defense
   Defense                  Defense                  Time % Phy DF OF 
 1 Marc-Edouard Vlasic      Juuso Valimaki           60     1   2  2  
 2 Conor Timmins            Ryan Suter               40     1   2  2  

Last Minutes Offensive
   Center                   Left Wing                Right Wing               Defense                  Defense                  
   Peyton Krebs             Jesperi Kotkaniemi       Aliaksei Protas          Conor Timmins            Juuso Valimaki           

Last Minutes Defensive
   Center                   Left Wing                Right Wing               Defense                  Defense                  
   Paul Cotter              Aliaksei Protas          Cal Clutterbuck          Marc-Edouard Vlasic      Ryan Suter               

Goaltenders
Starting : Matthew Villalta         
Backup : Carter Hart              

Extra Forwards
Normal : Aliaksei Protas, Peyton Krebs, Alexander Radulov - PP : Aliaksei Protas, Peyton Krebs - PK : Alexander Radulov
Extra Defensemen
Normal : Sean Walker, Juuso Valimaki, Conor Timmins - PP : Sean Walker - PK : Juuso Valimaki, Conor Timmins
Penalty Shots
Viktor Arvidsson, Jesperi Kotkaniemi, Sonny Milano, Nicklas Backstrom, Peyton Krebs

Scratches
Zach Senyshyn (Healthy)

% Time on Ice - VANCOUVER Canucks

Lines # - Real PCT - Wanted PCT - Time Play
Normal Forward
1 - 35% - 40% - 16:35
2 - 33% - 30% - 15:28
3 - 19% - 20% - 9:09
4 - 13% - 10% - 5:55
Normal Defense
1 - 37% - 40% - 17:31
2 - 33% - 30% - 15:34
3 - 28% - 20% - 13:14
4 - 2% - 10% - 0:48
PP Forward
1 - 56% - 60% - 3:21
2 - 44% - 40% - 2:36
PP Defense
1 - 57% - 60% - 3:23
2 - 43% - 40% - 2:34
PK Forward
1 - 87% - 60% - 3:28
2 - 13% - 40% - 0:30
PK Defense
1 - 61% - 60% - 2:25
2 - 39% - 40% - 1:33
PK3 Forward
1 - 0% - 60%
2 - 0% - 40%
PK3 Defense
1 - 0% - 60%
2 - 0% - 40%
44 Forward
1 - 71% - 60% - 1:25
2 - 29% - 40% - 0:34
44 Defense
1 - 71% - 60% - 1:25
2 - 29% - 40% - 0:34
Last Minute Offensive  - 0:00
Last Minute Defensive  - 0:59
Total
Forward - 60:00
Defense - 60:00

% Time on Ice - DALLAS Stars

Lines # - Real PCT - Wanted PCT - Time Play
Normal Forward
1 - 35% - 35% - 16:40
2 - 28% - 30% - 13:38
3 - 21% - 20% - 9:52
4 - 16% - 15% - 7:56
Normal Defense
1 - 37% - 40% - 17:46
2 - 32% - 30% - 15:34
3 - 23% - 20% - 10:54
4 - 8% - 10% - 3:52
PP Forward
1 - 57% - 60% - 2:16
2 - 43% - 40% - 1:42
PP Defense
1 - 40% - 60% - 1:35
2 - 60% - 40% - 2:23
PK Forward
1 - 68% - 60% - 4:02
2 - 32% - 40% - 1:55
PK Defense
1 - 49% - 60% - 2:55
2 - 51% - 40% - 3:02
PK3 Forward
1 - 0% - 60%
2 - 0% - 40%
PK3 Defense
1 - 0% - 60%
2 - 0% - 40%
44 Forward
1 - 71% - 60% - 1:25
2 - 29% - 40% - 0:34
44 Defense
1 - 66% - 60% - 1:18
2 - 34% - 40% - 0:41
Last Minute Offensive  - 0:00
Last Minute Defensive  - 0:00
Total
Forward - 60:00
Defense - 60:00

Play-by-Play

1st period


0:01 of 1st period - Peyton Krebs wins face-off versus Josh Norris in neutral zone.
0:28 of 1st period - Shot by Matt Boldy.
0:28 of 1st period - Deflect By Josh Norris.
0:28 of 1st period - Shot Misses the Net.
0:30 of 1st period - Shot by Matt Boldy.
0:30 of 1st period - Shot Misses the Net.
0:32 of 1st period - Shot by Jake McCabe.
0:32 of 1st period - Stopped by Matthew Villalta with a rebound.
0:51 of 1st period - Icing by Ryan Suter.
0:52 of 1st period - Shane Pinto wins face-off versus Viktor Arvidsson in DALLAS Stars zone.
0:52 of 1st period - Mason Appleton is hit by Juuso Valimaki and loses puck.
0:58 of 1st period - Shane Pinto is hit by Juuso Valimaki.
1:07 of 1st period - Juuso Valimaki is hit by Radim Simek and loses puck.
1:24 of 1st period - Shot by Shane Pinto.
1:24 of 1st period - Shot Misses the Net.
1:26 of 1st period - Shot by Christopher Tanev.
1:26 of 1st period - Stopped by Matthew Villalta with a rebound.
2:25 of 1st period - Off-side.
2:26 of 1st period - Nicklas Backstrom wins face-off versus Mark Kastelic in neutral zone.
2:37 of 1st period - Icing by Mikhail Sergachev.
2:38 of 1st period - Cal Clutterbuck wins face-off versus Mark Kastelic in VANCOUVER Canucks zone.
2:47 of 1st period - Shot by Andreas Johnsson.
2:47 of 1st period - Stopped by Jake Oettinger without a rebound.
2:48 of 1st period - Alexander Radulov wins face-off versus Josh Norris in VANCOUVER Canucks zone.
3:27 of 1st period - Shot by Josh Norris.
3:27 of 1st period - Stopped by Matthew Villalta without a rebound.
3:28 of 1st period - Jesperi Kotkaniemi wins face-off versus Mason Appleton in DALLAS Stars zone.
3:33 of 1st period - Shot by Philip Tomasino.
3:33 of 1st period - Stopped by Matthew Villalta with a rebound.
3:35 of 1st period - Shot by Mason Appleton.
3:35 of 1st period - Shot Misses the Net.
3:37 of 1st period - Shot by Mason Appleton.
3:37 of 1st period - Shot Misses the Net.
3:39 of 1st period - Shot by Philip Tomasino.
3:39 of 1st period - Goal by Philip Tomasino - VANCOUVER Canucks : 1 - DALLAS Stars : 0.
3:40 of 1st period - Paul Cotter wins face-off versus Mark Kastelic in neutral zone.
3:43 of 1st period - Shot by Patrik Nemeth.
3:43 of 1st period - Shot Misses the Net.
4:05 of 1st period - Shot by Victor Mete.
4:05 of 1st period - Shot Blocked by Andreas Johnsson.
4:42 of 1st period - Shot by Matt Boldy.
4:42 of 1st period - Stopped by Matthew Villalta without a rebound.
4:43 of 1st period - Shane Pinto wins face-off versus Jesperi Kotkaniemi in DALLAS Stars zone.
4:50 of 1st period - Shot by Mason Appleton.
4:50 of 1st period - Shot Misses the Net.
5:01 of 1st period - Mason Appleton is hit by Conor Timmins and loses puck.
5:07 of 1st period - Shane Pinto is hit by Marc-Edouard Vlasic.
5:25 of 1st period - Shot by Shane Pinto.
5:25 of 1st period - Shot Misses the Net.
5:27 of 1st period - Shot by Mason Appleton.
5:27 of 1st period - Shot Misses the Net.
5:37 of 1st period - Shot by Matt Boldy.
5:37 of 1st period - Stopped by Matthew Villalta without a rebound.
5:38 of 1st period - Josh Norris wins face-off versus Nicklas Backstrom in DALLAS Stars zone.
5:45 of 1st period - Ryan Suter is hit by Josh Norris and loses puck.
5:53 of 1st period - Minor Penalty to Juuso Valimaki for Interference.
5:53 of 1st period - Minor Penalty to Josh Norris for Tripping.
5:54 of 1st period - Emil Bemstrom wins face-off versus Tyler Pitlick in DALLAS Stars zone.
7:06 of 1st period - Shot by Bryan Little.
7:06 of 1st period - Shot Misses the Net.
7:08 of 1st period - Shot by Matt Boldy.
7:08 of 1st period - Shot Misses the Net.
7:10 of 1st period - Shot by Christopher Tanev.
7:10 of 1st period - Stopped by Matthew Villalta without a rebound.
7:11 of 1st period - Peyton Krebs wins face-off versus Tyler Pitlick in DALLAS Stars zone.
7:20 of 1st period - Icing by Mikhail Sergachev.
7:21 of 1st period - Aliaksei Protas wins face-off versus Tyler Pitlick in VANCOUVER Canucks zone.
7:27 of 1st period - Icing by Mikhail Sergachev.
7:28 of 1st period - Jesperi Kotkaniemi wins face-off versus Tyler Pitlick in VANCOUVER Canucks zone.
7:59 of 1st period - Shot by Shane Pinto.
7:59 of 1st period - Shot Misses the Net.
8:01 of 1st period - Shot by Mason Appleton.
8:01 of 1st period - Stopped by Matthew Villalta without a rebound.
8:02 of 1st period - Shane Pinto wins face-off versus Peyton Krebs in DALLAS Stars zone.
8:05 of 1st period - Shot by Radim Simek.
8:05 of 1st period - Shot Misses the Net.
8:07 of 1st period - Shot by Mason Appleton.
8:07 of 1st period - Stopped by Matthew Villalta with a rebound.
8:09 of 1st period - Shot by Christopher Tanev.
8:09 of 1st period - Shot Misses the Net.
8:11 of 1st period - Shot by Shane Pinto.
8:11 of 1st period - Stopped by Matthew Villalta without a rebound.
8:12 of 1st period - Mark Kastelic wins face-off versus Nicklas Backstrom in DALLAS Stars zone.
8:23 of 1st period - Shot by Alexander Radulov.
8:23 of 1st period - Shot Blocked by Christopher Tanev.
8:25 of 1st period - Shot by Ryan Suter.
8:25 of 1st period - Stopped by Jake Oettinger with a rebound.
8:27 of 1st period - Shot by Aliaksei Protas.
8:27 of 1st period - Shot Misses the Net.
9:23 of 1st period - Minor Penalty to Jakob Silfverberg for Interference.
9:24 of 1st period - Emil Bemstrom wins face-off versus Tyler Pitlick in VANCOUVER Canucks zone.
9:25 of 1st period - Shot by Conor Timmins.
9:25 of 1st period - Shot Blocked by Mikhail Sergachev.
10:35 of 1st period - Shot by Juuso Valimaki.
10:35 of 1st period - Shot Misses the Net.
10:37 of 1st period - Shot by Ryan Suter.
10:37 of 1st period - Shot Blocked by Radim Simek.
10:39 of 1st period - Shot by Jesperi Kotkaniemi.
10:39 of 1st period - Shot Misses the Net.
10:41 of 1st period - Shot by Jesperi Kotkaniemi.
10:41 of 1st period - Stopped by Jake Oettinger without a rebound.
10:42 of 1st period - Bryan Little wins face-off versus Jesperi Kotkaniemi in VANCOUVER Canucks zone.
10:42 of 1st period - Mikhail Sergachev is hit by Jesperi Kotkaniemi and loses puck.
11:31 of 1st period - Shot by Andreas Johnsson.
11:31 of 1st period - Deflect By Paul Cotter.
11:31 of 1st period - Shot Misses the Net.
12:59 of 1st period - Shot by Shane Pinto.
12:59 of 1st period - Deflect By Mason Appleton.
12:59 of 1st period - Stopped by Matthew Villalta with a rebound.
13:01 of 1st period - Shot by Christopher Tanev.
13:01 of 1st period - Stopped by Matthew Villalta without a rebound.
13:02 of 1st period - Emil Bemstrom wins face-off versus Juuso Parssinen in DALLAS Stars zone.
13:21 of 1st period - Shot by Brendan Gallagher.
13:21 of 1st period - Stopped by Jake Oettinger with a rebound.
13:48 of 1st period - Icing by Jake McCabe.
13:49 of 1st period - Tyler Pitlick wins face-off versus Paul Cotter in VANCOUVER Canucks zone.
13:55 of 1st period - Off-side.
13:56 of 1st period - Jakob Silfverberg wins face-off versus Aliaksei Protas in neutral zone.
14:10 of 1st period - Icing by Christopher Tanev.
14:11 of 1st period - Paul Cotter wins face-off versus Jakob Silfverberg in VANCOUVER Canucks zone.
14:34 of 1st period - Shot by Matt Boldy.
14:34 of 1st period - Stopped by Matthew Villalta without a rebound.
14:35 of 1st period - Shane Pinto wins face-off versus Jesperi Kotkaniemi in DALLAS Stars zone.
14:37 of 1st period - Philip Tomasino is hit by Conor Timmins and loses puck.
15:04 of 1st period - Marc-Edouard Vlasic is hit by Mikhail Sergachev and loses puck.
15:08 of 1st period - Brendan Gallagher is hit by Mikhail Sergachev and loses puck.
15:16 of 1st period - Icing by Jake McCabe.
15:17 of 1st period - Peyton Krebs wins face-off versus Shane Pinto in VANCOUVER Canucks zone.
15:40 of 1st period - Icing by Ryan Suter.
15:41 of 1st period - Peyton Krebs wins face-off versus Josh Norris in DALLAS Stars zone.
15:49 of 1st period - Off-side.
15:50 of 1st period - Josh Norris wins face-off versus Jesperi Kotkaniemi in neutral zone.
16:02 of 1st period - Jakob Silfverberg is hit by Marc-Edouard Vlasic and loses puck.
16:16 of 1st period - Minor Penalty to Conor Timmins for Slashing.
16:17 of 1st period - Shane Pinto wins face-off versus Paul Cotter in DALLAS Stars zone.
16:50 of 1st period - Shot by Philip Tomasino.
16:50 of 1st period - Stopped by Matthew Villalta without a rebound.
16:51 of 1st period - Josh Norris wins face-off versus Paul Cotter in DALLAS Stars zone.
17:02 of 1st period - Shot by Josh Norris.
17:02 of 1st period - Shot Misses the Net.
17:27 of 1st period - Shot by Radim Simek.
17:27 of 1st period - Stopped by Matthew Villalta without a rebound.
17:28 of 1st period - Aliaksei Protas wins face-off versus Shane Pinto in DALLAS Stars zone.
17:28 of 1st period - Sean Walker is hit by Mason Appleton and loses puck.
17:49 of 1st period - Shot by Shane Pinto.
17:49 of 1st period - Shot Misses the Net.
18:32 of 1st period - Teddy Blueger is hit by Marc-Edouard Vlasic and loses puck.
18:41 of 1st period - Shot by Andreas Johnsson.
18:41 of 1st period - Shot Misses the Net.
18:43 of 1st period - Shot by Marc-Edouard Vlasic.
18:43 of 1st period - Deflect By Cal Clutterbuck.
18:43 of 1st period - Shot Misses the Net.
18:45 of 1st period - Shot by Conor Timmins.
18:45 of 1st period - Shot Misses the Net.
18:47 of 1st period - Shot by Conor Timmins.
18:47 of 1st period - Shot Blocked by Nils Lundkvist.
19:21 of 1st period - Shot by Nicklas Backstrom.
19:21 of 1st period - Deflect By Alexander Radulov.
19:21 of 1st period - Stopped by Jake Oettinger without a rebound.
19:22 of 1st period - Mark Kastelic wins face-off versus Peyton Krebs in VANCOUVER Canucks zone.
19:33 of 1st period - Shot by Bryan Little.
19:33 of 1st period - Deflect By Stefan Noesen.
19:33 of 1st period - Stopped by Matthew Villalta with a rebound.
19:43 of 1st period - Shot by Peyton Krebs.
19:43 of 1st period - Shot Misses the Net.
19:45 of 1st period - Shot by Ryan Suter.
19:45 of 1st period - Stopped by Jake Oettinger without a rebound.
19:46 of 1st period - Jesperi Kotkaniemi wins face-off versus Josh Norris in VANCOUVER Canucks zone.
19:47 of 1st period - Shot by Marc-Edouard Vlasic.
19:47 of 1st period - Shot Misses the Net.
19:49 of 1st period - Shot by Emil Bemstrom.
19:49 of 1st period - Stopped by Jake Oettinger without a rebound.
19:50 of 1st period - Jesperi Kotkaniemi wins face-off versus Matt Boldy in VANCOUVER Canucks zone.
19:51 of 1st period - Shot by Brendan Gallagher.
19:51 of 1st period - Shot Misses the Net.
Goals for this period are 1 for VANCOUVER Canucks vs 0 for DALLAS Stars.
Shots for this period are 17 for VANCOUVER Canucks vs 7 for DALLAS Stars.

2nd period


0:01 of 2nd period - Peyton Krebs wins face-off versus Jakob Silfverberg in neutral zone.
0:42 of 2nd period - Shot by Matt Boldy.
0:42 of 2nd period - Stopped by Matthew Villalta without a rebound.
0:43 of 2nd period - Shane Pinto wins face-off versus Jesperi Kotkaniemi in DALLAS Stars zone.
0:43 of 2nd period - Christopher Tanev is hit by Conor Timmins and loses puck.
0:48 of 2nd period - Shot by Philip Tomasino.
0:48 of 2nd period - Shot Misses the Net.
0:50 of 2nd period - Shot by Mason Appleton.
0:50 of 2nd period - Deflect By Philip Tomasino.
0:50 of 2nd period - Shot Misses the Net.
0:56 of 2nd period - Shot by Mason Appleton.
0:56 of 2nd period - Shot Blocked by Emil Bemstrom.
1:00 of 2nd period - Shot by Shane Pinto.
1:00 of 2nd period - Shot Misses the Net.
1:02 of 2nd period - Shot by Philip Tomasino.
1:02 of 2nd period - Shot Blocked by Marc-Edouard Vlasic.
1:12 of 2nd period - Shot by Mason Appleton.
1:12 of 2nd period - Deflect By Shane Pinto.
1:12 of 2nd period - Goal by Shane Pinto - VANCOUVER Canucks : 2 - DALLAS Stars : 0.
1:13 of 2nd period - Nicklas Backstrom wins face-off versus Juuso Parssinen in neutral zone.
1:22 of 2nd period - Shot by Nicklas Backstrom.
1:22 of 2nd period - Deflect By Alexander Radulov.
1:22 of 2nd period - Shot Blocked by Nils Lundkvist.
1:24 of 2nd period - Shot by Alexander Radulov.
1:24 of 2nd period - Shot Misses the Net.
1:26 of 2nd period - Shot by Sean Walker.
1:26 of 2nd period - Stopped by Jake Oettinger without a rebound.
1:27 of 2nd period - Peyton Krebs wins face-off versus Matt Boldy in VANCOUVER Canucks zone.
1:29 of 2nd period - Minor Penalty to Peyton Krebs for Roughing.
1:30 of 2nd period - Josh Norris wins face-off versus Paul Cotter in DALLAS Stars zone.
2:10 of 2nd period - Paul Cotter is hit by Matt Boldy and loses puck.
3:41 of 2nd period - Icing by Ryan Suter.
3:42 of 2nd period - Peyton Krebs wins face-off versus Stefan Noesen in DALLAS Stars zone.
3:48 of 2nd period - Off-side.
3:49 of 2nd period - Juuso Parssinen wins face-off versus Jesperi Kotkaniemi in neutral zone.
3:58 of 2nd period - Shot by Teddy Blueger.
3:58 of 2nd period - Shot Misses the Net.
4:00 of 2nd period - Shot by Juuso Parssinen.
4:00 of 2nd period - Stopped by Matthew Villalta without a rebound.
4:01 of 2nd period - Josh Norris wins face-off versus Sonny Milano in DALLAS Stars zone.
4:07 of 2nd period - Icing by Patrik Nemeth.
4:08 of 2nd period - Jakob Silfverberg wins face-off versus Peyton Krebs in DALLAS Stars zone.
4:17 of 2nd period - Shot by Matt Boldy.
4:17 of 2nd period - Deflect By Jakob Silfverberg.
4:17 of 2nd period - Shot Misses the Net.
4:19 of 2nd period - Shot by Mikhail Sergachev.
4:19 of 2nd period - Stopped by Matthew Villalta without a rebound.
4:20 of 2nd period - Shane Pinto wins face-off versus Emil Bemstrom in DALLAS Stars zone.
4:40 of 2nd period - Off-side.
4:41 of 2nd period - Josh Norris wins face-off versus Peyton Krebs in neutral zone.
4:50 of 2nd period - Shot by Matt Boldy.
4:50 of 2nd period - Shot Misses the Net.
5:02 of 2nd period - Shot by Viktor Arvidsson.
5:02 of 2nd period - Shot Misses the Net.
5:14 of 2nd period - Shot by Viktor Arvidsson.
5:14 of 2nd period - Shot Misses the Net.
5:22 of 2nd period - Shot by Sonny Milano.
5:22 of 2nd period - Shot Misses the Net.
5:24 of 2nd period - Shot by Conor Timmins.
5:24 of 2nd period - Shot Blocked by Jake McCabe.
5:38 of 2nd period - Shot by Jesperi Kotkaniemi.
5:38 of 2nd period - Stopped by Jake Oettinger without a rebound.
5:39 of 2nd period - Shane Pinto wins face-off versus Nicklas Backstrom in VANCOUVER Canucks zone.
6:12 of 2nd period - Shot by Mason Appleton.
6:12 of 2nd period - Shot Misses the Net.
6:14 of 2nd period - Shot by Christopher Tanev.
6:14 of 2nd period - Stopped by Matthew Villalta without a rebound.
6:15 of 2nd period - Juuso Parssinen wins face-off versus Jesperi Kotkaniemi in DALLAS Stars zone.
6:15 of 2nd period - Nils Lundkvist is hit by Sean Walker and loses puck.
6:26 of 2nd period - Shot by Jesperi Kotkaniemi.
6:26 of 2nd period - Stopped by Jake Oettinger without a rebound.
6:27 of 2nd period - Mark Kastelic wins face-off versus Peyton Krebs in VANCOUVER Canucks zone.
6:29 of 2nd period - Icing by Bryan Little.
6:30 of 2nd period - Mark Kastelic wins face-off versus Peyton Krebs in VANCOUVER Canucks zone.
6:45 of 2nd period - Shot by Mikhail Sergachev.
6:45 of 2nd period - Stopped by Matthew Villalta with a rebound.
6:47 of 2nd period - Shot by Stefan Noesen.
6:47 of 2nd period - Shot Blocked by Conor Timmins.
6:53 of 2nd period - Shot by Bryan Little.
6:53 of 2nd period - Stopped by Matthew Villalta without a rebound.
6:54 of 2nd period - Josh Norris wins face-off versus Jesperi Kotkaniemi in DALLAS Stars zone.
6:54 of 2nd period - Christopher Tanev is hit by Juuso Valimaki and loses puck.
7:25 of 2nd period - Shot by Jesperi Kotkaniemi.
7:25 of 2nd period - Shot Misses the Net.
7:49 of 2nd period - Shot by Viktor Arvidsson.
7:49 of 2nd period - Goal by Viktor Arvidsson - VANCOUVER Canucks : 2 - DALLAS Stars : 1.
7:50 of 2nd period - Peyton Krebs wins face-off versus Shane Pinto in neutral zone.
7:55 of 2nd period - Shot by Viktor Arvidsson.
7:55 of 2nd period - Stopped by Jake Oettinger without a rebound.
7:56 of 2nd period - Shane Pinto wins face-off versus Peyton Krebs in VANCOUVER Canucks zone.
8:06 of 2nd period - Philip Tomasino is hit by Conor Timmins and loses puck.
8:25 of 2nd period - Icing by Jake McCabe.
8:26 of 2nd period - Shane Pinto wins face-off versus Nicklas Backstrom in VANCOUVER Canucks zone.
8:35 of 2nd period - Shot by Philip Tomasino.
8:35 of 2nd period - Shot Misses the Net.
9:03 of 2nd period - Shot by Juuso Valimaki.
9:03 of 2nd period - Stopped by Jake Oettinger with a rebound.
9:05 of 2nd period - Shot by Alexander Radulov.
9:05 of 2nd period - Stopped by Jake Oettinger with a rebound.
10:14 of 2nd period - Off-side.
10:15 of 2nd period - Paul Cotter wins face-off versus Josh Norris in neutral zone.
10:20 of 2nd period - Christopher Tanev is hit by Cal Clutterbuck and loses puck.
10:47 of 2nd period - Off-side.
10:48 of 2nd period - Juuso Parssinen wins face-off versus Peyton Krebs in neutral zone.
10:52 of 2nd period - Icing by Ryan Suter.
10:53 of 2nd period - Juuso Parssinen wins face-off versus Peyton Krebs in DALLAS Stars zone.
11:08 of 2nd period - Shot by Juuso Parssinen.
11:08 of 2nd period - Stopped by Matthew Villalta without a rebound.
11:09 of 2nd period - Josh Norris wins face-off versus Jesperi Kotkaniemi in DALLAS Stars zone.
11:16 of 2nd period - Shot by Josh Norris.
11:16 of 2nd period - Goal by Josh Norris - VANCOUVER Canucks : 3 - DALLAS Stars : 1.
11:17 of 2nd period - Josh Norris wins face-off versus Peyton Krebs in neutral zone.
12:52 of 2nd period - Shot by Marc-Edouard Vlasic.
12:52 of 2nd period - Shot Misses the Net.
12:54 of 2nd period - Shot by Emil Bemstrom.
12:54 of 2nd period - Deflect By Brendan Gallagher.
12:54 of 2nd period - Shot Blocked by Nils Lundkvist.
13:24 of 2nd period - Mikhail Sergachev is hit by Nicklas Backstrom and loses puck.
13:35 of 2nd period - Shot by Nicklas Backstrom.
13:35 of 2nd period - Shot Blocked by Mikhail Sergachev.
13:49 of 2nd period - Shot by Shane Pinto.
13:49 of 2nd period - Stopped by Matthew Villalta with a rebound.
14:33 of 2nd period - Shot by Peyton Krebs.
14:33 of 2nd period - Deflect By Viktor Arvidsson.
14:33 of 2nd period - Goal by Viktor Arvidsson - VANCOUVER Canucks : 3 - DALLAS Stars : 2.
14:34 of 2nd period - Mark Kastelic wins face-off versus Jesperi Kotkaniemi in neutral zone.
14:39 of 2nd period - Shot by Bryan Little.
14:39 of 2nd period - Deflect By Stefan Noesen.
14:39 of 2nd period - Shot Blocked by Marc-Edouard Vlasic.
15:00 of 2nd period - Conor Timmins is hit by Radim Simek and loses puck.
15:34 of 2nd period - Icing by Jakob Silfverberg.
15:35 of 2nd period - Peyton Krebs wins face-off versus Josh Norris in VANCOUVER Canucks zone.
16:11 of 2nd period - Matt Boldy is hit by Juuso Valimaki and loses puck.
16:32 of 2nd period - Josh Norris is hit by Cal Clutterbuck and loses puck.
16:48 of 2nd period - Sean Walker is hit by Tyler Pitlick and loses puck.
16:57 of 2nd period - Shot by Sean Walker.
16:57 of 2nd period - Shot Misses the Net.
17:08 of 2nd period - Paul Cotter is hit by Mikhail Sergachev and loses puck.
19:22 of 2nd period - Shot by Tyler Pitlick.
19:22 of 2nd period - Stopped by Matthew Villalta without a rebound.
19:23 of 2nd period - Jesperi Kotkaniemi wins face-off versus Josh Norris in DALLAS Stars zone.
19:23 of 2nd period - Jesperi Kotkaniemi is hit by Josh Norris.
19:44 of 2nd period - Brendan Gallagher is hit by Christopher Tanev and loses puck.
19:49 of 2nd period - Shot by Brendan Gallagher.
19:49 of 2nd period - Shot Misses the Net.
19:51 of 2nd period - Shot by Emil Bemstrom.
19:51 of 2nd period - Shot Misses the Net.
19:53 of 2nd period - Shot by Jesperi Kotkaniemi.
19:53 of 2nd period - Stopped by Jake Oettinger without a rebound.
19:54 of 2nd period - Peyton Krebs wins face-off versus Shane Pinto in VANCOUVER Canucks zone.
Goals for this period are 2 for VANCOUVER Canucks vs 2 for DALLAS Stars.
Shots for this period are 11 for VANCOUVER Canucks vs 9 for DALLAS Stars.

3rd period


0:01 of 3rd period - Peyton Krebs wins face-off versus Josh Norris in neutral zone.
0:26 of 3rd period - Shot by Peyton Krebs.
0:26 of 3rd period - Stopped by Jake Oettinger with a rebound.
0:28 of 3rd period - Shot by Viktor Arvidsson.
0:28 of 3rd period - Shot Misses the Net.
1:17 of 3rd period - Icing by Conor Timmins.
1:18 of 3rd period - Shane Pinto wins face-off versus Jesperi Kotkaniemi in DALLAS Stars zone.
1:52 of 3rd period - Shot by Andreas Johnsson.
1:52 of 3rd period - Stopped by Jake Oettinger with a rebound.
2:04 of 3rd period - Cal Clutterbuck is hit by Mason Appleton and loses puck.
2:58 of 3rd period - Shot by Teddy Blueger.
2:58 of 3rd period - Stopped by Matthew Villalta without a rebound.
2:59 of 3rd period - Mark Kastelic wins face-off versus Nicklas Backstrom in DALLAS Stars zone.
2:59 of 3rd period - Mikhail Sergachev is hit by Marc-Edouard Vlasic and loses puck.
3:05 of 3rd period - Aliaksei Protas is hit by Jake McCabe and loses puck.
3:41 of 3rd period - Shot by Nicklas Backstrom.
3:41 of 3rd period - Stopped by Jake Oettinger without a rebound.
3:42 of 3rd period - Josh Norris wins face-off versus Viktor Arvidsson in VANCOUVER Canucks zone.
3:49 of 3rd period - Shot by Sonny Milano.
3:49 of 3rd period - Stopped by Jake Oettinger without a rebound.
3:50 of 3rd period - Josh Norris wins face-off versus Peyton Krebs in VANCOUVER Canucks zone.
4:32 of 3rd period - Icing by Nils Lundkvist.
4:33 of 3rd period - Josh Norris wins face-off versus Jesperi Kotkaniemi in VANCOUVER Canucks zone.
4:33 of 3rd period - Josh Norris is hit by Brendan Gallagher.
4:58 of 3rd period - Icing by Emil Bemstrom.
4:59 of 3rd period - Shane Pinto wins face-off versus Jesperi Kotkaniemi in DALLAS Stars zone.
4:59 of 3rd period - Shane Pinto is hit by Marc-Edouard Vlasic.
5:06 of 3rd period - Icing by Marc-Edouard Vlasic.
5:07 of 3rd period - Jesperi Kotkaniemi wins face-off versus Juuso Parssinen in DALLAS Stars zone.
5:28 of 3rd period - Shot by Brendan Gallagher.
5:28 of 3rd period - Stopped by Jake Oettinger without a rebound.
5:29 of 3rd period - Shane Pinto wins face-off versus Peyton Krebs in VANCOUVER Canucks zone.
5:34 of 3rd period - Shot by Juuso Valimaki.
5:34 of 3rd period - Shot Misses the Net.
6:53 of 3rd period - Shot by Paul Cotter.
6:53 of 3rd period - Stopped by Jake Oettinger without a rebound.
6:54 of 3rd period - Jesperi Kotkaniemi wins face-off versus Juuso Parssinen in VANCOUVER Canucks zone.
7:07 of 3rd period - Victor Mete is hit by Jesperi Kotkaniemi and loses puck.
7:23 of 3rd period - Emil Bemstrom is hit by Victor Mete and loses puck.
7:31 of 3rd period - Minor Penalty to Nils Lundkvist for Tripping.
7:32 of 3rd period - Jesperi Kotkaniemi wins face-off versus Tyler Pitlick in VANCOUVER Canucks zone.
7:42 of 3rd period - Icing by Juuso Valimaki.
7:43 of 3rd period - Tyler Pitlick wins face-off versus Jesperi Kotkaniemi in DALLAS Stars zone.
7:56 of 3rd period - Shot by Juuso Valimaki.
7:56 of 3rd period - Shot Misses the Net.
8:08 of 3rd period - Shot by Viktor Arvidsson.
8:08 of 3rd period - Shot Misses the Net.
9:31 of 3rd period - Viktor Arvidsson is hit by Nils Lundkvist and loses puck.
9:38 of 3rd period - Shot by Paul Cotter.
9:38 of 3rd period - Shot Blocked by Nils Lundkvist.
9:40 of 3rd period - Shot by Sean Walker.
9:40 of 3rd period - Shot Misses the Net.
9:42 of 3rd period - Shot by Paul Cotter.
9:42 of 3rd period - Shot Misses the Net.
9:44 of 3rd period - Shot by Paul Cotter.
9:44 of 3rd period - Stopped by Jake Oettinger without a rebound.
9:45 of 3rd period - Paul Cotter wins face-off versus Philip Tomasino in VANCOUVER Canucks zone.
9:52 of 3rd period - Shot by Andreas Johnsson.
9:52 of 3rd period - Stopped by Jake Oettinger without a rebound.
9:53 of 3rd period - Paul Cotter wins face-off versus Shane Pinto in VANCOUVER Canucks zone.
10:00 of 3rd period - Shot by Cal Clutterbuck.
10:00 of 3rd period - Goal by Cal Clutterbuck - VANCOUVER Canucks : 3 - DALLAS Stars : 3.
10:01 of 3rd period - Juuso Parssinen wins face-off versus Peyton Krebs in neutral zone.
11:13 of 3rd period - Shot by Josh Norris.
11:13 of 3rd period - Shot Blocked by Jesperi Kotkaniemi.
11:15 of 3rd period - Shot by Matt Boldy.
11:15 of 3rd period - Stopped by Matthew Villalta with a rebound.
11:23 of 3rd period - Shot by Matt Boldy.
11:23 of 3rd period - Stopped by Matthew Villalta with a rebound.
11:25 of 3rd period - Shot by Radim Simek.
11:25 of 3rd period - Shot Misses the Net.
11:27 of 3rd period - Shot by Christopher Tanev.
11:27 of 3rd period - Stopped by Matthew Villalta with a rebound.
11:55 of 3rd period - Shot by Mason Appleton.
11:55 of 3rd period - Shot Blocked by Ryan Suter.
11:59 of 3rd period - Shot by Mason Appleton.
11:59 of 3rd period - Deflect By Philip Tomasino.
11:59 of 3rd period - Shot Misses the Net.
12:01 of 3rd period - Shot by Shane Pinto.
12:01 of 3rd period - Shot Misses the Net.
12:03 of 3rd period - Shot by Shane Pinto.
12:03 of 3rd period - Goal by Shane Pinto - VANCOUVER Canucks : 4 - DALLAS Stars : 3.
12:04 of 3rd period - Mark Kastelic wins face-off versus Nicklas Backstrom in neutral zone.
12:04 of 3rd period - Mark Kastelic is hit by Alexander Radulov.
12:32 of 3rd period - Shot by Alexander Radulov.
12:32 of 3rd period - Shot Misses the Net.
12:34 of 3rd period - Shot by Aliaksei Protas.
12:34 of 3rd period - Stopped by Jake Oettinger with a rebound.
12:45 of 3rd period - Jake McCabe is hit by Aliaksei Protas.
12:47 of 3rd period - Shot by Mark Kastelic.
12:47 of 3rd period - Shot Misses the Net.
14:01 of 3rd period - Shot by Viktor Arvidsson.
14:01 of 3rd period - Shot Blocked by Victor Mete.
14:09 of 3rd period - Shot by Sonny Milano.
14:09 of 3rd period - Shot Blocked by Victor Mete.
14:14 of 3rd period - Minor Penalty to Cal Clutterbuck for Unsportsmanlike conduct.
14:15 of 3rd period - Josh Norris wins face-off versus Paul Cotter in DALLAS Stars zone.
14:26 of 3rd period - Shot by Jakob Silfverberg.
14:26 of 3rd period - Stopped by Matthew Villalta with a rebound.
14:28 of 3rd period - Shot by Matt Boldy.
14:28 of 3rd period - Stopped by Matthew Villalta without a rebound.
14:29 of 3rd period - Josh Norris wins face-off versus Paul Cotter in DALLAS Stars zone.
14:40 of 3rd period - Shot by Jake McCabe.
14:40 of 3rd period - Stopped by Matthew Villalta without a rebound.
14:41 of 3rd period - Josh Norris wins face-off versus Paul Cotter in DALLAS Stars zone.
14:44 of 3rd period - Shot by Josh Norris.
14:44 of 3rd period - Stopped by Matthew Villalta with a rebound.
15:00 of 3rd period - Shot by Mikhail Sergachev.
15:00 of 3rd period - Shot Blocked by Marc-Edouard Vlasic.
15:02 of 3rd period - Shot by Matt Boldy.
15:02 of 3rd period - Shot Misses the Net.
15:44 of 3rd period - Shot by Christopher Tanev.
15:44 of 3rd period - Shot Blocked by Aliaksei Protas.
15:46 of 3rd period - Shot by Christopher Tanev.
15:46 of 3rd period - Shot Blocked by Sean Walker.
15:48 of 3rd period - Shot by Shane Pinto.
15:48 of 3rd period - Stopped by Matthew Villalta without a rebound.
15:49 of 3rd period - Josh Norris wins face-off versus Sonny Milano in DALLAS Stars zone.
16:13 of 3rd period - Shot by Jakob Silfverberg.
16:13 of 3rd period - Stopped by Matthew Villalta without a rebound.
16:14 of 3rd period - Juuso Parssinen wins face-off versus Peyton Krebs in DALLAS Stars zone.
16:18 of 3rd period - Icing by Sonny Milano.
16:19 of 3rd period - Peyton Krebs wins face-off versus Juuso Parssinen in DALLAS Stars zone.
16:19 of 3rd period - Peyton Krebs is hit by Teddy Blueger.
16:37 of 3rd period - Shot by Viktor Arvidsson.
16:37 of 3rd period - Stopped by Jake Oettinger without a rebound.
16:38 of 3rd period - Jesperi Kotkaniemi wins face-off versus Shane Pinto in VANCOUVER Canucks zone.
16:38 of 3rd period - Conor Timmins is hit by Christopher Tanev and loses puck.
16:53 of 3rd period - Philip Tomasino is hit by Conor Timmins and loses puck.
17:08 of 3rd period - Shot by Radim Simek.
17:08 of 3rd period - Shot Misses the Net.
17:10 of 3rd period - Shot by Philip Tomasino.
17:10 of 3rd period - Stopped by Matthew Villalta without a rebound.
17:11 of 3rd period - Peyton Krebs wins face-off versus Josh Norris in DALLAS Stars zone.
17:11 of 3rd period - Peyton Krebs is hit by Jakob Silfverberg.
17:17 of 3rd period - Josh Norris is hit by Peyton Krebs and loses puck.
17:34 of 3rd period - Viktor Arvidsson is hit by Josh Norris.
17:54 of 3rd period - Shot by Josh Norris.
17:54 of 3rd period - Shot Misses the Net.
18:19 of 3rd period - Icing by Radim Simek.
18:20 of 3rd period - Juuso Parssinen wins face-off versus Jesperi Kotkaniemi in VANCOUVER Canucks zone.
18:29 of 3rd period - Shot by Juuso Parssinen.
18:29 of 3rd period - Stopped by Matthew Villalta without a rebound.
18:30 of 3rd period - Andreas Johnsson wins face-off versus Shane Pinto in DALLAS Stars zone.
18:54 of 3rd period - Shane Pinto is hit by Marc-Edouard Vlasic and loses puck.
19:00 of 3rd period - Icing by Conor Timmins.
19:01 of 3rd period - Matt Boldy wins face-off versus Paul Cotter in DALLAS Stars zone.
19:01 of 3rd period - Matt Boldy is hit by Marc-Edouard Vlasic.
19:49 of 3rd period - Marc-Edouard Vlasic is hit by Mikhail Sergachev and loses puck.
19:57 of 3rd period - Matt Boldy is hit by Conor Timmins and loses puck.
Goals for this period are 1 for VANCOUVER Canucks vs 1 for DALLAS Stars.
Shots for this period are 13 for VANCOUVER Canucks vs 11 for DALLAS Stars. Output by the SimonT Hockey Simulator (STHS) for Martin Benoit - Original Page W3C HTML5 Valid
Hockey Simulator - Hockey Simulation - Hockey Manager